 Dungeon Crawl Stone Soup version 0.29-a0-284-gf9362112df (webtiles) character file.

Game seed: 10092266214015308184

225 SmokeWeed the Chopper (level 6, -3/52 HPs)
             Began as a Hill Orc Fighter on Mar 30, 2022.
             Slain by a gnoll
             ... wielding a +0 halberd
              (11 damage)
             ... on level 2 of the Dungeon.
             The game lasted 00:04:05 (1129 turns).

SmokeWeed the Chopper (Hill Orc Fighter)            Turns: 1129, Time: 00:04:05

Health: -3/52      AC:  8    Str: 25    XL:     6   Next: 1%
Magic:  6/6        EV:  9    Int: 10    God:
Gold:   34         SH:  4    Dex: 10    Spells: 5/5 levels left

rFire   . . .      SeeInvis .   a - +0 war axe (flame)
rCold   . . .      Faith    .   c - +0 buckler
rNeg    . . .      Spirit   .   b - +0 scale mail
rPois   .          Reflect  .   n - +0 helmet
rElec   .          Harm     .   (no cloak)
rCorr   .          Rampage  .   (no gloves)
Will    .....                   (no boots)
Stlth   ..........              (no amulet)
HPRegen 0.17/turn               g - +6 ring of strength
MPRegen 0.10/turn               (no ring)

@: no status effects
A: no striking features
a: no special abilities


You were on level 2 of the Dungeon.
You visited 1 branch of the dungeon, and saw 2 of its levels.

You collected 34 gold pieces.

Inventory:

Hand Weapons
 a - a +0 war axe of flaming (weapon)
Missiles
 f - a poisoned dart (quivered)
 h - 110 stones
Armour
 b - a +0 scale mail (worn)
 c - a +0 buckler (worn)
 n - a +0 helmet (worn)
Jewellery
 g - a +6 ring of strength (left hand)
 j - a ring of wizardry
Potions
 d - a potion of might
 e - a potion of cancellation {unknown}
 i - a potion of berserk rage {unknown}


   Skills:
 + Level 4.1 Fighting
 + Level 5.5 Axes
 + Level 0.8 Throwing
 + Level 4.6 Armour
 + Level 1.0 Dodging
 + Level 3.8 Shields


You had 5 spell levels left.
You didn't know any spells.
Your spell library was empty.

Dungeon Overview and Level Annotations

Branches:
Dungeon (2/15)

Altars:


Message History

A gnoll comes into view. It is wielding a +0 club.
The gnoll shouts! x2
You slash the gnoll! You burn the gnoll.
You kill the gnoll!
The gnoll hits you from afar with a +0 halberd.
The gnoll barely misses you.
The gnoll hits you from afar with a +0 halberd.
You barely miss the gnoll. You block the gnoll's attack.
The gnoll hits you but does no damage.
You hit the gnoll. You burn the gnoll.
The gnoll is severely wounded.
The gnoll hits you but does no damage.
The gnoll drinks a potion.
The gnoll seems to grow stronger.
You hit the gnoll but do no damage.
The gnoll is severely wounded.
The gnoll hits you but does no damage. The gnoll barely misses you.
The gnoll hits you with a +0 club.
The gnoll hits you from afar with a +0 halberd.
You slash the gnoll! You burn the gnoll.
You kill the gnoll!
The gnoll hits you from afar with a +0 halberd.
You barely miss the gnoll. The gnoll hits you but does no damage.
The gnoll misses you.
You slash the gnoll! You burn the gnoll.
You kill the gnoll!
The gnoll hits you from afar with a +0 halberd!
You have reached level 6!
The gnoll hits you with a +0 halberd.
Things that are here:
a +0 flail; a +0 club; a +0 club You hit the gnoll but do no damage.
The gnoll hits you but does no damage. The gnoll hits you with a +0 halberd.
You hit the gnoll. You burn the gnoll.
The gnoll is lightly wounded.
The gnoll hits you with a +0 halberd!
* * * LOW HITPOINT WARNING * * *
You barely miss the gnoll.
The gnoll is lightly wounded.
The gnoll hits you with a +0 halberd!
You die...

........#
#.##.##.#
#.......#
..######†####
.........#
...#####.#
.#####)# ##
.##....#
##...#####.##<##.#
#.....g@...##.##.#
.......##........#
#.....# #.###.####
##...# #.###.#
##.# #.....#
#.#####.#####
#.......#
#########


You could see a gnoll.

Vanquished Creatures
  Sigmund (D:2)
  3 gnolls (D:2)
  3 dart slugs
  5 bats (D:1)
  An endoplasm (D:1)
  2 giant cockroaches
  A goblin (D:1)
  5 hobgoblins
  A quokka (D:1)
  6 ball pythons
  2 frilled lizards (D:1)
  A kobold (D:1)
  4 rats (D:1)
35 creatures vanquished.

Notes
Turn   | Place    | Note
-------+----------+-------------------------------------------
     0 | D:1      | SmokeWeed the Hill Orc Fighter began the quest for the Orb.
     0 | D:1      | Reached XP level 1. HP: 19/19 MP: 1/1
   177 | D:1      | Reached XP level 2. HP: 27/27 MP: 2/2
   223 | D:1      | Reached skill level 3 in Axes
   653 | D:1      | Reached XP level 3. HP: 32/33 MP: 3/3
   794 | D:1      | Found a faded altar of an unknown god.
   881 | D:2      | Noticed Sigmund
   889 | D:2      | Killed Sigmund
   890 | D:2      | Reached skill level 5 in Axes
   890 | D:2      | Reached skill level 1 in Dodging
   890 | D:2      | Reached XP level 4. HP: 23/40 MP: 4/4
   890 | D:2      | Reached XP level 5. HP: 27/46 MP: 5/5
  1126 | D:2      | Reached XP level 6. HP: 22/52 MP: 6/6
  1129 | D:2      | Slain by a gnoll

Illustrated notes

Levels and vault maps discovered:
D:1:      saegor_arrival_miasma, layout_loops_cross,
          shapermc_ecumenical_altar_mp_vishouse
D:2:      layout_loops_cross, basic_altar, minmay_crystal_room, uniq_sigmund

Skill      XL: |  1  2  3 |
---------------+----------+-----
Axes           | 3 5 |  5.5
Fighting       | 4 |  4.1
Armour         | 4 |  4.6
Dodging        | 1 |  1.0
Throwing       | |  0.8
Shields        | |  3.8

Action                   |  1- 3 |  4- 6 || total
-------------------------+-------+-------++-------
Melee: War axe           |    61 |    16 ||    77
Throw: Dart              |     3 |       ||     3
  Use: Scroll            |     4 |       ||     4
Armor: Scale mail        |    39 |     8 ||    47
Dodge: Dodged            |    33 |     4 ||    37
Block: Buckler           |    19 |     2 ||    21

Table legend: (Time is in decaauts)
 A = Elapsed time spent in this place.
 B = Non-inter-level travel time spent in this place.
 C = Inter-level travel time spent in this place.
 D = Time resting spent in this place.
 E = Time spent auto-exploring this place.
 F = Levels seen in this place.
 G = Mean time per level.
                   A        B        C        D        E       F      G
               +--------+--------+--------+--------+--------+-----+--------+
         Total |   1155 |   1137 |     18 |      0 |    787 |   2 |  577.5 |
       Dungeon |   1155 |   1137 |     18 |      0 |    787 |   2 |  577.5 |
               +--------+--------+--------+--------+--------+-----+--------+

Top non-repeatable levels by time:
     D:1: 831 daAuts
     D:2: 324 daAuts
